 Dungeon Crawl Stone Soup version 0.22-a0-855-g415d086bb8 (webtiles) character file.

870 Htamos the Charmwright (level 8, -1/61 HPs)
             Began as a Merfolk Skald on July 27, 2018.
             Was a Follower of Zin.
             Splashed by a jelly's acid (12 damage)
             ... on level 5 of the Dungeon.
             The game lasted 00:15:36 (7859 turns).

Htamos the Charmwright (Merfolk Skald)              Turns: 7859, Time: 00:15:37

Health: -1/61      AC: -9    Str: 12    XL:     8   Next: 3%
Magic:  12/12      EV:  6    Int: 14    God:    Zin [*.....]
Gold:   213        SH:  0    Dex: 13    Spells: 9/13 levels left

rFire    . . .     SeeInvis +   u - -3 trident
rCold    . . .     Gourm    .   (no shield)
rNeg     . . .     Faith    .   i - +0 chain mail
rPois    .         Spirit   .   o - +1 helmet
rElec    .         Reflect  .   (no cloak)
rCorr    .         Harm     .   (no gloves)
MR       .....                  (no boots)
Stlth    ..........             (no amulet)
HPRegen  0.20/turn              v - ring of see invisible
MPRegen  0.13/turn              m - ring of wizardry

@: corroded, starving
A: change form in water, swift swim, stealthy swim
a: Recite, Donate Gold, Renounce Religion


You were on level 5 of the Dungeon.
You worshipped Zin.
Zin was aware of your devotion.
You were starving.

You visited 1 branch of the dungeon, and saw 5 of its levels.

You collected 236 gold pieces.
You donated 23 gold pieces to Zin.

Inventory:

Hand Weapons
 a - a +1 spear
 c - a +3 short sword
 f - a +0 scythe
 u - a -3 trident (weapon)
Armour
 b - a +0 leather armour
 i - a +0 chain mail (worn)
 j - a +0 ring mail
 n - a +1 leather armour of cold resistance
 o - a +1 helmet (worn)
 q - a +2 cloak
Jewellery
 h - an uncursed ring of ice
 k - an uncursed ring of attention
 m - a ring of wizardry (right hand)
 p - an uncursed ring of flight
 v - a ring of see invisible (left hand)
Wands
 r - a wand of flame (35)
Scrolls
 e - a scroll of identify
 g - a scroll of magic mapping
 w - a scroll of amnesia {unknown}
Potions
 l - a potion of resistance
 s - 2 potions of curing
 t - a potion of lignification
 z - a potion of brilliance
Comestibles
 d - 7 rations


   Skills:
 + Level 4.9 Fighting
 + Level 6.6 Polearms
 - Level 0.6 Armour
 - Level 3.3 Dodging
 - Level 3.0 Spellcasting
 * Level 7.2 Charms


You had 9 spell levels left.
You knew the following spells:

 Your Spells              Type           Power        Failure   Level  Hunger
a - Infusion              Chrm           ###.         21%         1    #......
b - Regeneration          Chrm/Necr      ##........   92%         3    ###....

Your spell library contained the following spells:

 Spells                   Type           Power        Failure   Level  Hunger
 Shroud of Golubria       Chrm/Tloc      ##........   77%         2    ##.....
 Song of Slaying          Chrm           ###.....     28%         2    ##.....
 Spectral Weapon          Hex/Chrm       ##......     92%         3    ###....


Dungeon Overview and Level Annotations

Branches:
Dungeon (5/15)             Temple (0/1) D:5

Altars:
Hepliaklqana
Makhleb
Nemelex Xobeh
Qazlal
Wu Jian
Yredelemnul
Zin
The Shining One

Annotations:
D:2 1 runed door, Grinder


Message History

You hit the jelly but do no damage. The acid corrodes you!
Your hands burn!
The jelly barely misses you.
You hit the jelly but do no damage.
Your hands burn!
The jelly hits you.
You are splashed with acid!
The acid burns!
You hit the jelly but do no damage.
Your hands burn!
The jelly hits you. The acid corrodes you!
You are splashed with acid!
The acid burns!
You hit the jelly but do no damage. The acid corrodes you!
Your hands burn!
The jelly hits you.
You are splashed with acid!
The acid burns!
* * * LOW HITPOINT WARNING * * *
You hit the jelly but do no damage. The acid corrodes you!
Your hands burn!
* * * LOW HITPOINT WARNING * * *
The jelly hits you.
* * * LOW HITPOINT WARNING * * *
The acid corrodes you!
You are splashed with acid!
The acid burns!
* * * LOW HITPOINT WARNING * * *
There is a stone staircase leading up here.
The jelly hits you.
* * * LOW HITPOINT WARNING * * *
You are splashed with acid!
The acid burns!
You die...

##.#.....
#.......
######.....
######..........
#......####.....
########.######
#.....
#........####
#..#..
#.....J.....#
#.##.o
#.....@..##.#
#...#.
########## ..
#..#.##
##...##.#. ###.
#.#. .....
....#. ..###. .
#. #.


You could see a jelly.

Vanquished Creatures
  Sigmund (D:2)
  A sky beast (D:4)
  2 ogres (D:4)
  A human zombie (D:2)
  Crazy Yiuf (D:3)
  A hound (D:4)
  An orc wizard (D:4)
  Ijyb (D:4)
  Natasha (twice) (D:2)
  2 worker ants (D:4)
  Robin (D:2)
  A river rat (D:4)
  4 adders
  2 oozes (D:2)
  An adder skeleton (D:4)
  An adder zombie (D:5)
  5 worms
  A dart slug (D:3)
  2 leopard geckos
  15 orcs
  13 bats
  3 giant cockroaches
  23 goblins
  2 hobgoblins
  3 jackals (D:1)
  2 quokkas
  4 ball pythons
  5 frilled lizards
  9 kobolds
  A kobold zombie (D:2)
  12 rats
123 creatures vanquished.

Notes
Turn   | Place    | Note
-------+----------+-------------------------------------------
     0 | D:1      | Htamos the Merfolk Skald began the quest for the Orb.
     0 | D:1      | Reached XP level 1. HP: 16/16 MP: 3/3
   450 | D:1      | Reached XP level 2. HP: 23/23 MP: 5/5
   875 | D:1      | Reached XP level 3. HP: 26/28 MP: 6/6
  1449 | D:2      | Reached skill level 4 in Charms
  1521 | D:2      | Found a faded altar of an unknown god.
  1521 | D:2      | Found a burning altar of Makhleb.
  1536 | D:2      | Found an ornate altar of the Wu Jian Council.
  1543 | D:2      | Found a faded altar of an unknown god.
  1544 | D:2      | Found a hazy altar of Hepliaklqana.
  1592 | D:2      | Learned a level 3 spell: Regeneration
  1640 | D:2      | Noticed Natasha
  1659 | D:2      | Killed Natasha
  1659 | D:2      | Reached XP level 4. HP: 29/34 MP: 7/7
  2161 | D:2      | Noticed Robin
  2192 | D:2      | Killed Robin
  2283 | D:2      | Noticed Natasha
  2291 | D:2      | Killed Natasha
  2291 | D:2      | Reached XP level 5. HP: 32/41 MP: 8/8
  2418 | D:2      | Found a runed door.
  2418 | D:2      | Noticed a human
  2481 | D:2      | Reached skill level 5 in Charms
  2698 | D:2      | Found a basalt altar of Yredelemnul.
  2835 | D:2      | Noticed Sigmund
  2856 | D:2      | Killed Sigmund
  2856 | D:2      | Reached skill level 5 in Polearms
  2856 | D:2      | Reached XP level 6. HP: 37/48 MP: 8/10
  3217 | D:3      | Noticed Grinder
  3227 | D:3      | Paralysed by Grinder for 6 turns
  3513 | D:4      | Noticed a sky beast
  3523 | D:4      | Killed a sky beast
  3523 | D:4      | Reached XP level 7. HP: 30/54 MP: 11/11
  3536 | D:4      | Reached skill level 6 in Charms
  4246 | D:4      | Noticed Ijyb
  4265 | D:4      | Killed Ijyb
  4452 | D:3      | Found a glowing silver altar of Zin.
  4477 | D:3      | Found a faded altar of an unknown god.
  4491 | D:3      | Became a worshipper of Zin the Law-Giver
  4491 | D:3      | Reached * piety under Zin
  4491 | D:3      | Reached ** piety under Zin
  4672 | D:3      | Paralysed by Grinder for 3 turns
  4680 | D:3      | HP: 2/55 [Grinder/nerve-wracking pain (14)]
  5001 | D:3      | Paralysed by Grinder for 7 turns
  5543 | D:3      | Found a runed door.
  5583 | D:3      | Found a sparkling altar of Nemelex Xobeh.
  5820 | D:3      | Found a glowing golden altar of the Shining One.
  5879 | D:3      | Noticed Crazy Yiuf
  5886 | D:3      | Killed Crazy Yiuf
  6058 | D:4      | Was placed under penance by Zin
  6092 | D:4      | Reached skill level 7 in Charms
  6737 | D:4      | Reached XP level 8. HP: 54/61 MP: 12/12
  6837 | D:4      | Was forgiven by Zin
  7363 | D:5      | Entered Level 5 of the Dungeon
  7511 | D:5      | Found a stormy altar of Qazlal.
  7555 | D:5      | Found a staircase to the Ecumenical Temple.
  7859 | D:5      | Splashed by a jelly's acid

Vault maps used:
D:1:      eino_arrival_cavern_c, grunt_decor_arrowhead
D:2:      chequers_temple_overflow_minitemple, dk_yredelemnul_ordeal,
          uniq_robin, uniq_sigmund, uniq_natasha
D:3:      lemuel_crystal_altar, lemuel_round_altar, tso_altar,
          chequers_ecumenical_altar_simple, first_ration, uniq_grinder,
          uniq_crazy_yiuf_cottage
D:4:      portal_sewer_entry_e, kennysheep_generic_room_8, uniq_ijyb
D:5:      grunt_qazlal_clouds, temple_statues, lemuel_another_geyser

Skill      XL: |  1  2  3  4  5  6  7 |
---------------+----------------------+-----
Dodging        | 3 |  3.3
Charms         | 4 5 7 |  7.2
Polearms       | 4 5 6 |  6.6
Fighting       | 3 4 |  4.9
Spellcasting   | 3 |  3.0
Armour         | |  0.6

Action                   |  1- 3 |  4- 6 |  7- 9 || total
-------------------------+-------+-------+-------++-------
Melee: Spear             |   173 |   181 |   140 ||   494
       Scythe            |       |    25 |     5 ||    30
       Trident           |       |       |   261 ||   261
 Cast: Infusion          |       |       |     1 ||     1
Invok: Vitalisation      |       |       |     2 ||     2
Evoke: Wand              |       |       |     9 ||     9
  Use: Scroll            |     5 |     3 |     3 ||    11
       Potion            |     1 |     5 |     4 ||    10
 Stab: Invisible         |       |     1 |     1 ||     2
       Distracted        |       |       |     1 ||     1
  Eat: Chunk             |     2 |     6 |     6 ||    14
       Ration            |       |       |     2 ||     2
Armor: Leather armour    |    18 |       |       ||    18
       Chain mail        |    45 |    86 |   220 ||   351
       Skin              |    11 |    15 |    18 ||    44
Dodge: Dodged            |    58 |    31 |   115 ||   204

Table legend:
 A = Spawn XP
 B = Non-spawn XP
 C = Spawn XP percentage of total XP
 D = Spawn monster count
 E = Non-spawn monster count
 F = Spawn count percentage of total count
 G = Total turns spent on level
                    A         B        C        D         E        F      G
               +---------+---------+-------+---------+---------+-------+---------
         Total |       0 |    1243 |   0.0 |       0 |     123 |   0.0 |  7859
               +---------+---------+-------+---------+---------+-------+---------
           D:1 |       0 |      44 |   0.0 |       0 |      28 |   0.0 |  1231
           D:2 |       0 |     451 |   0.0 |       0 |      40 |   0.0 |  2248
           D:3 |       0 |     126 |   0.0 |       0 |      29 |   0.0 |  1572
           D:4 |       0 |     606 |   0.0 |       0 |      22 |   0.0 |  2559
           D:5 |       0 |      16 |   0.0 |       0 |       4 |   0.0 |   249
               +---------+---------+-------+---------+---------+-------+---------
